 Dungeon Crawl Stone Soup version 0.26-a0-664-gc8b27b8fc1 (webtiles) character file.

Game seed: 17524846251062865776

33 Descartes the Sneak (level 3, -1/15 HPs)
             Began as a Felid Wanderer on Oct 13, 2020.
             Slain by an adder (5 damage)
             ... on level 2 of the Dungeon.
             The game lasted 00:03:12 (1402 turns).

Descartes the Sneak (Felid Wanderer)                Turns: 1402, Time: 00:03:12

Health: -1/15      AC:  1    Str:  9    XL:     3   Next: 12%
Magic:  4/5        EV: 17    Int: 14    God:
Gold:   17         SH:  0    Dex: 14    Spells: 0/4 levels left
                                        Lives:  0   Deaths: 0

rFire    + . .     SeeInvis +     - Unarmed
rCold    x . .     Faith    .   (shield unavailable)
rNeg     . . .     Spirit   .   (armour unavailable)
rPois    .         Reflect  .   (helmet unavailable)
rElec    .         Harm     .   (cloak unavailable)
rCorr    .         Rampage  .   (gloves unavailable)
MR       .....                  (boots unavailable)
Stlth    +++.......             (no amulet)
HPRegen  0.05/turn              h - ring of fire
MPRegen  0.09/turn              (no ring)

@: appendages (expiring), quick
A: very small, no armour, no weapons or thrown items, stealth, claws 1, fangs 3,
horns 2, see invisible, speed 1, shaggy fur 1, sharp paws
a: End Transformation


You were on level 2 of the Dungeon.
You had grown temporary horns.
You visited 1 branch of the dungeon, and saw 2 of its levels.

You collected 17 gold pieces.

Inventory:

Missiles
 b - 26 stones
 c - 30 arrows
Jewellery
 h - a ring of fire (left paw)
Scrolls
 a - 2 scrolls of identify {unknown}
 d - a scroll of magic mapping {unknown}
 e - a scroll of immolation {unknown}
Potions
 f - a potion of berserk rage {unknown}
 g - 2 potions of heal wounds {unknown}


   Skills:
 - Level 1.0 Fighting
 + Level 2.0 Dodging
 + Level 3.7 Stealth
 + Level 1.9 Unarmed Combat
 - Level 1.0 Spellcasting
   Level 3.0 Translocations
 - Level 2.1 Transmutations
   Level 1.1 Evocations


You couldn't memorise any spells.
You knew the following spells:

 Your Spells              Type           Power        Failure   Level
a - Beastly Appendage     Tmut           #.....       11%         1
b - Sandblast             Erth           #.....       26%         1
c - Wereblood             Tmut           #.......     16%         2

Your spell library contained the following spells:

 Spells                   Type           Power        Failure   Level
 Apportation              Tloc           #.....       8%          1
 Teleport Other           Tloc           #.......     22%         3
 Spider Form              Tmut/Pois      #.........   45%         3
 Stone Arrow              Conj/Erth      #.....       61%         3
 Ice Form                 Ice/Tmut       #.......     86%         4
 Blade Hands              Tmut           #.........   96%         5


Dungeon Overview and Level Annotations

Branches:
Dungeon (2/15)

Altars:
Okawaru

Annotations:
D:2 Sigmund


Innate Abilities, Weirdness & Mutations

You cannot wear armour.
You are incapable of wielding weapons or throwing items.
Your paws allow you to move quietly. (Stealth)
You have sharp claws.
You have razor-sharp teeth.
You have supernaturally acute eyesight. (SInv)
You cover ground quickly.
You are covered in fur. (AC +1)
Your sharp claws are effective at attacking unaware monsters.
You have a pair of horns on your head.


Message History

* * * LOW HITPOINT WARNING * * *
The bat closely misses you. The bat hits you but does no damage.
The bat completely misses you. The bat barely misses you.
Casting: Beastly Appendage (safe; 11% risk of failure)
Confirm with . or Enter, or press ? or * to list all spells.
You grow a pair of large bovine horns.
The bat closely misses you. The bat barely misses you.
The bat completely misses you. The bat hits you but does no damage.
Sigmund the Dreaded comes into view.
He is wielding a +0 scythe.
Sigmund shouts!
The bat hits you but does no damage. The bat hits you.
* * * LOW HITPOINT WARNING * * *
The bat misses you. The bat barely misses you.
Your transformation is almost over.
The bat barely misses you. The bat hits you but does no damage.
The adder barely misses you. The bat misses you. The adder bites you.
You die...

...............#####w..........#
###....#.......###............#
#....#........#!.....K#......
#....#......8[#.8...g.#......
#....#........#?......#......
######.......###....#.#######
#......#####g..#..#
#......S.......#..#
#####.@bb.....#..#
####...(..#..# ##.....# .######
.. ..@ ...


You could see an adder, a goblin and 2 bats.

Vanquished Creatures
  2 dart slugs (D:1)
  A leopard gecko (D:1)
  2 bats
  5 giant cockroaches (D:1)
  4 goblins (D:1)
  3 hobgoblins (D:1)
  A frilled lizard (D:2)
  3 kobolds (D:1)
  5 rats (D:1)
26 creatures vanquished.

Notes
Turn   | Place    | Note
-------+----------+-------------------------------------------
     0 | D:1      | Descartes the Felid Wanderer began the quest for the Orb.
     0 | D:1      | Descartes set off with the following items: ; and the
                  | following spells available to memorise: Apportation,
                  | Beastly Appendage, Wereblood, Sandblast, Teleport Other,
                  | Spider Form, Stone Arrow, Ice Form, Blade Hands
     0 | D:1      | Reached XP level 1. HP: 9/9 MP: 3/3
     2 | D:1      | Learned a level 1 spell: Beastly Appendage
     4 | D:1      | Learned a level 1 spell: Sandblast
   213 | D:1      | Reached skill level 1 in Dodging
   216 | D:1      | Reached XP level 2. HP: 9/12 MP: 4/4
  1069 | D:1      | Reached XP level 3. HP: 12/15 MP: 2/5
  1077 | D:1      | Learned a level 2 spell: Wereblood
  1381 | D:2      | Found an iron altar of Okawaru.
  1398 | D:2      | Noticed Sigmund
  1402 | D:2      | Slain by an adder

Illustrated notes

Levels and vault maps discovered:
D:1:      minmay_arrival_shoal_huts, layout_basic, minmay_bisected
D:2:      minmay_recursive_quarters, layout_basic, mrwooster_statue_mirror,
          kennysheep_okawaru_gauntlet, uniq_sigmund

Skill      XL: |  1  2  3 |
---------------+----------+-----
Dodging        | 1 2 |  2.0
Stealth        | 3 |  3.7
Fighting       | |  1.0
Unarmed Combat | |  1.9
Spellcasting   | |  1.0
Translocations | |  3.0
Transmutations | |  2.1
Evocations     | |  1.1

Action                   || total
-------------------------++-------
Melee: Unarmed           ||    97
       Bite              ||     6
       Headbutt          ||     6
 Cast: Beastly Appendage ||    10
 Stab: Sleeping          ||     2
Armor: Skin              ||    18
Dodge: Dodged            ||   141

Table legend: (Time is in decaauts)
 A = Elapsed time spent in this place.
 B = Non-inter-level travel time spent in this place.
 C = Inter-level travel time spent in this place.
 D = Time resting spent in this place.
 E = Time spent auto-exploring this place.
 F = Levels seen in this place.
 G = Mean time per level.
                   A        B        C        D        E       F      G
               +--------+--------+--------+--------+--------+-----+--------+
         Total |   1306 |   1304 |      2 |     39 |    998 |   2 |  653.0 |
       Dungeon |   1306 |   1304 |      2 |     39 |    998 |   2 |  653.0 |
               +--------+--------+--------+--------+--------+-----+--------+

Top non-repeatable levels by time:
     D:1: 1236 daAuts
     D:2: 69 daAuts
